Map: Catalyst LE

Players

Namshar - Winner!

  • Race: Zerg Zerg
  • Spawn Location: 11:00

Priest

  • Race: Zerg Zerg
  • Spawn Location: 5:00

Event: WCS Austin 2018

VOD

Have the link to the VOD?

Description

Time

  • Played on: June 1, 2018, 3 p.m.
  • Length: 4:23

All games in this series

Show
View Real Time Build Order
Export as new Build Order

Namshar Zerg - Winner!

Build Orders: Hatch First 

Get SALT Encoding   

  12  0:01  Drone  
  13  0:13  Overlord  
  13  0:18  Drone  
  14  0:31  Drone x2  
  14  0:35  Drone  
  17  0:47  Drone  
  18  0:56  Hatchery  
  17  0:58  Drone  
  18  1:05  Extractor  
  17  1:17  Spawning Pool  
  17  1:18  Drone  
  17  1:20  Drone  
  18  1:29  Drone  
  19  1:40  Overlord  
  19  1:51  Drone  
  20  2:04  Queen  
  20  2:05  Metabolic Boost  
  20  2:06  Zergling x2  
  20  2:07  Queen  
  20  2:08  Zergling x2  
  26  2:12  Drone  
  27  2:19  Drone  
  27  2:22  Drone  
  29  2:30  Drone  
  29  2:35  Zergling x2  
  31  2:40  Hatchery  
  30  2:48  Baneling Nest  
  28  2:52  Overlord  
  28  2:56  Drone  
  28  2:57  Drone  
  30  2:59  Drone  
  31  3:07  Overlord  
  31  3:11  Drone  
  31  3:20  Zergling x10  
  31  3:21  Zergling x2  
  37  3:30  Zergling x4  
  39  3:37  Queen  
  40  3:41  Evolution Chamber  
  40  3:43  Zergling x6  
  40  3:45  Drone  
  40  3:47  Drone  
  40  3:48  Drone  
  45  3:50  Drone  
  45  3:54  Baneling x2  
  46  3:59  Baneling x2  
  46  4:00  Drone x2  
  47  4:04  Zergling x4  
Show
View Real Time Build Order
Export as new Build Order

Priest Zerg 

Build Orders: Hatch First 

Get SALT Encoding   

  12  0:01  Drone  
  13  0:13  Overlord  
  13  0:21  Drone  
  14  0:33  Drone x2  
  16  0:50  Hatchery  
  16  0:54  Drone  
  16  0:57  Drone  
  16  1:00  Drone  
  18  1:08  Extractor  
  17  1:15  Spawning Pool  
  16  1:19  Drone  
  16  1:24  Drone  
  18  1:29  Drone  
  19  1:42  Overlord  
  19  1:50  Drone  
  20  2:03  Queen x2  
  20  2:04  Zergling x4  
  26  2:09  Metabolic Boost  
  26  2:13  Drone  
  27  2:18  Drone  
  28  2:26  Drone x2  
  30  2:33  Drone  
  30  2:35  Drone  
  30  2:52  Queen  
  30  2:54  Overlord  
  30  2:56  Drone x3  
  35  3:02  Lair  
  35  3:09  Drone  
  36  3:21  Overlord  
  36  3:23  Drone x6  
  36  3:24  Drone x2  
  44  3:31  Baneling Nest  
  42  3:35  Zergling x4  
  42  3:41  Drone  
  45  3:43  Extractor  
  45  3:44  Extractor  
  45  3:45  Drone, Spine Crawler  
  43  3:52  Zergling x2  
  43  3:53  Zergling x2  
  45  4:02  Spine Crawler  
  44  4:05  Zergling x8  
  44  4:06  Zergling x6  
Tags
 
Add a new tag
Caveats
  • Supply blocks, unpowered buildings, or Contaminate may cause inaccurate times.
  • Supply counts are checked every 10 seconds.